APP
DETROIT (APP) TIGERS @ PRINCETON RAYS
10/23/2049
 
TOP OF THE 1ST
Burlington Royals batting - Pitching for Boston (APP) Red Sox : RHP Shawn Stephenson
Pitching: RHP Shawn Stephenson
Batting: RHB Devin Garrett 0-0: Ball
1-0: Ball
2-0: Ball
3-0: Base on Balls
Batting: RHB Jake Burkhart 0-0: Ball
1-0: Foul Ball, location: 2F
1-1: Ball
Devin Garrett is caught stealing 2nd base 2-4
2-1: Called Strike
2-2: Strikes out looking
Batting: LHB Natanael Frois 0-0: Foul Ball, location: 2F
0-1: Called Strike
0-2: Ball
1-2: Ball
2-2: TRIPLE (Flyball, 89XD, EV 92.5 MPH)
Batting: LHB Jason Smith 0-0: SINGLE (Line Drive, 4D, EV 108.1 MPH)
Natanael Frois scores
Batting: LHB Jason Mills 0-0: Ball
1-0: Fly out, F7 (Flyball, 7D, EV 82.5 MPH)
Top of the 1st over - 1 run, 2 hits, 0 errors, 1 left on base; Burlington 1 - Boston (APP) 0
BOTTOM OF THE 1ST
Boston (APP) Red Sox batting - Pitching for Burlington Royals : RHP Gus Armijo
Pitching: RHP Gus Armijo
Batting: RHB Ivan Mertinez 0-0: Ball
1-0: Ball
2-0: Foul Ball, location: 2F
2-1: Swinging Strike
2-2: Ground out 5-3 (Groundball, 56, EV 86.9 MPH)
Batting: RHB Dan Briggs 0-0: Hit by Pitch
Batting: LHB Jimmy Linn 0-0: Ball
Dan Briggs steals 2nd base
1-0: Called Strike
1-1: Swinging Strike
1-2: Ball
2-2: Fly out, F9 (Flyball, 9LS, EV 83.1 MPH)
Batting: RHB Julio Lazo 0-0: Ball
1-0: Foul Ball, location: 2F
1-1: Ball
2-1: Ground out 4-3 (Groundball, 4, EV 91.3 MPH)
Bottom of the 1st over - 0 runs, 0 hits, 0 errors, 1 left on base; Burlington 1 - Boston (APP) 0
TOP OF THE 2ND
Burlington Royals batting - Pitching for Boston (APP) Red Sox : RHP Shawn Stephenson
Batting: RHB Jason Sloan 0-0: Ball
1-0: Called Strike
1-1: Foul Ball, location: 2F
1-2: Ball
2-2: SOLO HOME RUN (Flyball, 7LD, EV 100.6 MPH), Distance : 348 ft
Batting: LHB Jim Hollowell 0-0: Ball
1-0: Foul Ball, location: 2F
1-1: DOUBLE (Groundball, 3L, EV 100.6 MPH)
Batting: LHB Lapaele Keneke 0-0: SINGLE (Groundball, 4D, EV 100.6 MPH)
Jim Hollowell to third
Runner from 3rd tries for Home, throw by CF and OUT! 8-2
Lapaele Keneke to second
Batting: RHB Josh Tull 0-0: Fly out, F4 (Popup, 4S, EV 65.6 MPH)
Batting: RHB Devin Garrett 0-0: SINGLE (Groundball, 56D, EV 98.8 MPH)
Lapaele Keneke to third
Runner from 3rd tries for Home, throw by LF and OUT! 7-2
Top of the 2nd over - 1 run, 4 hits, 0 errors, 1 left on base; Burlington 2 - Boston (APP) 0
BOTTOM OF THE 2ND
Boston (APP) Red Sox batting - Pitching for Burlington Royals : RHP Gus Armijo
Batting: RHB Adan Williams 0-0: Foul Ball, location: 2F
0-1: Fly out, F8 (Flyball, 8LS, EV 95.0 MPH)
Batting: LHB Jose Corral 0-0: Foul Ball, location: 2F
0-1: Foul Ball, location: 2F
0-2: Ball
1-2: Foul Ball, location: 2F
1-2: Ball
2-2: Foul Ball, location: 2F
2-2: Foul Ball, location: 2F
2-2: Ball
3-2: Ground out 6-3 (Groundball, 6MS, EV 83.1 MPH)
Batting: SHB Efrain Garcia 0-0: Foul Ball, location: 2F
0-1: Called Strike
0-2: Ball
1-2: Foul Ball, location: 2F
1-2: Ground out U3 (Groundball, 3, EV 83.8 MPH)
Bottom of the 2nd over - 0 runs, 0 hits, 0 errors, 0 left on base; Burlington 2 - Boston (APP) 0
TOP OF THE 3RD
Burlington Royals batting - Pitching for Boston (APP) Red Sox : RHP Shawn Stephenson
Batting: RHB Jake Burkhart 0-0: Called Strike
0-1: Ball
1-1: Ball
2-1: Foul Ball, location: 2F
2-2: Foul Ball, location: 2F
2-2: Ball
3-2: Foul Ball, location: 2F
3-2: Foul Ball, location: 2F
3-2: Foul Ball, location: 2F
3-2: Fly out, F7 (Flyball, 7S, EV 79.4 MPH)
Batting: LHB Natanael Frois 0-0: Ball
1-0: Ball
2-0: Swinging Strike
2-1: Foul Ball, location: 2F
2-2: Ground out 4-3 (Groundball, 4, EV 81.3 MPH)
Batting: LHB Jason Smith 0-0: Called Strike
0-1: Swinging Strike
0-2: Ball
1-2: Ground out 4-3 (Groundball, 4MD, EV 106.3 MPH)
Top of the 3rd over - 0 runs, 0 hits, 0 errors, 0 left on base; Burlington 2 - Boston (APP) 0
BOTTOM OF THE 3RD
Boston (APP) Red Sox batting - Pitching for Burlington Royals : RHP Gus Armijo
Batting: RHB Miguel Espinoza 0-0: Fly out, F8 (Line Drive, 8LM, EV 89.4 MPH)
Batting: RHB Francisque Regras 0-0: Swinging Strike
0-1: Reached on error, E6 (Groundball, 6, EV 110.6 MPH)
Batting: RHB Ivan Mertinez 0-0: Fly out, F4 (Popup, 23, EV 81.3 MPH)
Batting: RHB Dan Briggs 0-0: Swinging Strike
0-1: Ball
1-1: Called Strike
1-2: Ground out 1-3 (Groundball, 15, EV 68.8 MPH)
Bottom of the 3rd over - 0 runs, 0 hits, 1 error, 1 left on base; Burlington 2 - Boston (APP) 0
TOP OF THE 4TH
Burlington Royals batting - Pitching for Boston (APP) Red Sox : RHP Shawn Stephenson
Batting: LHB Jason Mills 0-0: Called Strike
0-1: Ball
1-1: Ball
2-1: Foul Ball, location: 2F
2-2: Foul Ball, location: 2F
2-2: Ball
3-2: Ground out U3 (Groundball, 3, EV 88.1 MPH)
Batting: RHB Jason Sloan 0-0: SINGLE (Groundball, 6MD, EV 96.3 MPH)
Batting: LHB Jim Hollowell 0-0: Ball
Jason Sloan steals 2nd base
1-0: Ball
2-0: Foul Ball, location: 2F
2-1: Swinging Strike
2-2: Hit by Pitch
Batting: LHB Lapaele Keneke 0-0: Swinging Strike
0-1: Ball
Wild Pitch!
Jason Sloan to third
Jim Hollowell to second
1-1: Swinging Strike
1-2: Foul Ball, location: 2F
1-2: Strikes out looking
Batting: RHB Josh Tull 0-0: Called Strike
0-1: Ball
1-1: Ball
2-1: Called Strike
2-2: Foul Ball, location: 2F
2-2: Strikes out swinging
Top of the 4th over - 0 runs, 1 hit, 0 errors, 2 left on base; Burlington 2 - Boston (APP) 0
BOTTOM OF THE 4TH
Boston (APP) Red Sox batting - Pitching for Burlington Royals : RHP Gus Armijo
Batting: LHB Jimmy Linn 0-0: Called Strike
0-1: Ball
1-1: SINGLE (Groundball, 34D, EV 105.6 MPH)
Batting: RHB Julio Lazo 0-0: Called Strike
0-1: Foul Ball, location: 2F
0-2: Ball
1-2: Ball
2-2: Strikes out looking
Batting: RHB Adan Williams 0-0: Ball
1-0: Ball
2-0: Called Strike
2-1: Foul Ball, location: 2F
2-2: 2-RUN HOME RUN (Flyball, 7D, EV 90.6 MPH), Distance : 375 ft
Batting: LHB Jose Corral 0-0: Ball
1-0: Called Strike
1-1: Foul Ball, location: 2F
1-2: Foul Ball, location: 2F
1-2: Ball
2-2: Foul Ball, location: 2F
2-2: Ground out 6-3 (Groundball, 4MS, EV 86.9 MPH)
Batting: SHB Efrain Garcia 0-0: Ball
1-0: Ball
2-0: Ball
3-0: Called Strike
3-1: Called Strike
3-2: Ground out 6-3 (Groundball, 4M, EV 98.8 MPH)
Bottom of the 4th over - 2 runs, 2 hits, 0 errors, 0 left on base; Burlington 2 - Boston (APP) 2
TOP OF THE 5TH
Burlington Royals batting - Pitching for Boston (APP) Red Sox : RHP Shawn Stephenson
Batting: RHB Devin Garrett 0-0: Fly out, F8 (Flyball, 8RS, EV 85.6 MPH)
Batting: RHB Jake Burkhart 0-0: Called Strike
0-1: Ground out 4-3 (Groundball, 4, EV 106.9 MPH)
Batting: LHB Natanael Frois 0-0: Ball
1-0: Foul Ball, location: 2F
1-1: Ground out 6-3 (Groundball, 6, EV 84.4 MPH)
Top of the 5th over - 0 runs, 0 hits, 0 errors, 0 left on base; Burlington 2 - Boston (APP) 2
BOTTOM OF THE 5TH
Boston (APP) Red Sox batting - Pitching for Burlington Royals : RHP Gus Armijo
Batting: RHB Miguel Espinoza 0-0: Swinging Strike
0-1: Fly out, F7 (Flyball, 7S, EV 83.1 MPH)
Batting: RHB Francisque Regras 0-0: Called Strike
0-1: Foul Ball, location: 2F
0-2: Ball
1-2: Foul Ball, location: 2F
1-2: Foul Ball, location: 2F
1-2: Strikes out swinging
Batting: RHB Ivan Mertinez 0-0: Foul Ball, location: 2F
0-1: Called Strike
0-2: Ball
1-2: Ball
2-2: Ball
3-2: Strikes out looking
Bottom of the 5th over - 0 runs, 0 hits, 0 errors, 0 left on base; Burlington 2 - Boston (APP) 2
TOP OF THE 6TH
Burlington Royals batting - Pitching for Boston (APP) Red Sox : RHP Shawn Stephenson
Batting: LHB Jason Smith 0-0: Foul Ball, location: 2F
0-1: Foul Ball, location: 2F
0-2: Ball
1-2: Hit by Pitch
Batting: LHB Jason Mills 0-0: Ball
1-0: Swinging Strike
1-1: Ball
2-1: 2-RUN HOME RUN (Flyball, 7D, EV 105.0 MPH), Distance : 388 ft
Batting: RHB Jason Sloan 0-0: Called Strike
0-1: Fly out, F8 (Flyball, 89D, EV 103.1 MPH)
Batting: LHB Jim Hollowell 0-0: Ground out U3 (Groundball, 3S, EV 80.6 MPH)
Batting: LHB Lapaele Keneke 0-0: Ball
1-0: Ball
2-0: Called Strike
2-1: Fly out, F8 (Line Drive, 8LM, EV 93.1 MPH)
Top of the 6th over - 2 runs, 1 hit, 0 errors, 0 left on base; Burlington 4 - Boston (APP) 2
BOTTOM OF THE 6TH
Boston (APP) Red Sox batting - Pitching for Burlington Royals : RHP Gus Armijo
Batting: RHB Dan Briggs 0-0: Bunt missed!
0-1: Ground out 6-3 (Groundball, 56, EV 101.9 MPH)
Pitching: RHP Carlos Soto
Batting: LHB Jimmy Linn 0-0: Ground out 5-3 (Groundball, 56, EV 83.1 MPH)
Batting: RHB Julio Lazo 0-0: Called Strike
0-1: Swinging Strike
0-2: Ball
1-2: Ball
2-2: Ball
3-2: Base on Balls
Batting: RHB Adan Williams 0-0: Ball
1-0: Ball
2-0: Foul Ball, location: 2F
2-1: DOUBLE (Line Drive, 8LXD, EV 101.9 MPH)
Julio Lazo to third
Runner from 3rd tries for Home, SAFE, no throw by CF
Batting: LHB Jose Corral 0-0: Ball
1-0: Ball
2-0: Called Strike
2-1: Ball
3-1: Foul Ball, location: 2F
3-2: SINGLE (Groundball, 56D, EV 97.5 MPH)
Adan Williams to third
Adan Williams scores
Batting: SHB Efrain Garcia 0-0: Ball
1-0: DOUBLE (Line Drive, 9LM, EV 90.0 MPH)
Jose Corral to third
Batting: RHB Miguel Espinoza 0-0: Ball
Wild Pitch!
Jose Corral scores
Efrain Garcia to third
1-0: Ground out 4-3 (Groundball, 34, EV 99.4 MPH)
Bottom of the 6th over - 3 runs, 3 hits, 0 errors, 1 left on base; Burlington 4 - Boston (APP) 5
TOP OF THE 7TH
Burlington Royals batting - Pitching for Boston (APP) Red Sox : RHP Shawn Stephenson
Pitching: RHP Guadalupe Monez
Batting: RHB Josh Tull 0-0: Ball
1-0: Foul Ball, location: 2F
1-1: Foul Ball, location: 2F
1-2: Ball
2-2: Foul Ball, location: 2F
2-2: Ball
3-2: Strikes out looking
Batting: RHB Devin Garrett 0-0: Called Strike
0-1: Ball
1-1: Fly out, F5 (Line Drive, 5, EV 67.5 MPH)
Batting: RHB Jake Burkhart 0-0: Ball
1-0: Swinging Strike
1-1: Ball
2-1: SINGLE (Line Drive, 78M, EV 101.3 MPH)
Batting: LHB Natanael Frois 0-0: Called Strike
0-1: Ball
1-1: Swinging Strike
1-2: Foul Ball, location: 2F
1-2: Ground out U3 (Groundball, 3L, EV 80.0 MPH)
Top of the 7th over - 0 runs, 1 hit, 0 errors, 1 left on base; Burlington 4 - Boston (APP) 5
BOTTOM OF THE 7TH
Boston (APP) Red Sox batting - Pitching for Burlington Royals : RHP Carlos Soto
Pitching: LHP Nick Parker
Batting: RHB Francisque Regras 0-0: Called Strike
0-1: Ball
1-1: Ball
2-1: Ball
3-1: Base on Balls
Batting: RHB Ivan Mertinez 0-0: Called Strike
0-1: Grounds out, U3 (Groundball, 3L, EV 94.4 MPH)
Batting: RHB Dan Briggs 0-0: Ball
1-0: Ball
2-0: Foul Ball, location: 2F
2-1: Foul Ball, location: 2F
2-2: Ball
3-2: Foul Ball, location: 2F
3-2: Foul Ball, location: 2F
3-2: Base on Balls
Batting: LHB Jimmy Linn 0-0: Ball
1-0: Fielders Choice at 2nd, 3-6 (Groundball, 34, EV 80.0 MPH)
Francisque Regras to third
Batting: RHB Julio Lazo 0-0: Called Strike
0-1: Ball
1-1: Fielders Choice at 2nd, U4 (Groundball, 4M, EV 101.9 MPH)
Bottom of the 7th over - 0 runs, 0 hits, 0 errors, 2 left on base; Burlington 4 - Boston (APP) 5
TOP OF THE 8TH
Burlington Royals batting - Pitching for Boston (APP) Red Sox : RHP Guadalupe Monez
Pitching: RHP Mitchell Brosey
Now at 1B: Ken Sartin
Now at SS: Bill Bruggeman
Batting: LHB Jason Smith 0-0: Called Strike
0-1: SINGLE (Groundball, 34D, EV 96.9 MPH)
Pitching: LHP Jerry Whitfield
Pinch Hitting: RHB Yuri Gielkens 0-0: Called Strike
0-1: Swinging Strike
0-2: Grounds into double play, 6-4-3 (Groundball, 6, EV 99.4 MPH)
Batting: RHB Jason Sloan 0-0: Called Strike
0-1: Foul Ball, location: 2F
0-2: Ball
1-2: Strikes out swinging
Top of the 8th over - 0 runs, 1 hit, 0 errors, 0 left on base; Burlington 4 - Boston (APP) 5
BOTTOM OF THE 8TH
Boston (APP) Red Sox batting - Pitching for Burlington Royals : LHP Nick Parker
Pitching: RHP Bobby Mendoza
Now at C: Kirby Newman
Batting: RHB Adan Williams 0-0: Fly out, F8 (Flyball, 8RXD, EV 100.0 MPH)
Batting: LHB Jose Corral 0-0: Called Strike
0-1: Foul Ball, location: 2F
0-2: Strikes out looking
Batting: SHB Efrain Garcia 0-0: Called Strike
0-1: Ball
1-1: Ball
2-1: SINGLE (Line Drive, 9S, EV 103.1 MPH)
Batting: RHB Miguel Espinoza 0-0: Ball
1-0: Called Strike
1-1: Foul Ball, location: 2F
1-2: Fielders Choice at 2nd, 6-4 (Groundball, 6, EV 88.1 MPH)
Bottom of the 8th over - 0 runs, 1 hit, 0 errors, 1 left on base; Burlington 4 - Boston (APP) 5
TOP OF THE 9TH
Burlington Royals batting - Pitching for Boston (APP) Red Sox : LHP Jerry Whitfield
Pitching: RHP Miguel Belmonte
Now at 3B: Matt White
Batting: LHB Jim Hollowell 0-0: Called Strike
0-1: DOUBLE (Flyball, 8RXD, EV 93.1 MPH)
Pinch Hitting: LHB Jason Gorden 0-0: Foul Ball, location: 2F
0-1: Foul Ball, location: 2F
0-2: Strikes out swinging
Pinch Hitting: LHB Esteban Sandoval 0-0: Ball
1-0: Ball
2-0: Called Strike
2-1: 2-RUN HOME RUN (Flyball, 9D, EV 94.4 MPH), Distance : 372 ft
Batting: RHB Devin Garrett 0-0: Ball
1-0: Ball
2-0: Swinging Strike
2-1: Swinging Strike
2-2: Foul Ball, location: 2F
2-2: Strikes out swinging
Batting: RHB Jake Burkhart 0-0: Ball
1-0: Called Strike
1-1: Called Strike
1-2: Foul Ball, location: 2F
1-2: Foul Ball, location: 2F
1-2: Ball
2-2: Ball
3-2: Base on Balls
Batting: LHB Natanael Frois 0-0: Ball
Jake Burkhart steals 2nd base
1-0: Called Strike
1-1: Called Strike
1-2: Foul Ball, location: 2F
1-2: Ground out 4-3 (Groundball, 4, EV 91.3 MPH)
Top of the 9th over - 2 runs, 2 hits, 0 errors, 1 left on base; Burlington 6 - Boston (APP) 5
BOTTOM OF THE 9TH
Boston (APP) Red Sox batting - Pitching for Burlington Royals : RHP Bobby Mendoza
Pitching: RHP Scott McGinness
Now in LF: Paul Greto
Now in CF: Chris Brown
Pinch Hitting: LHB Colin O'Malley 0-0: Ball
1-0: Ball
2-0: Foul Ball, location: 2F
2-1: Ball
3-1: Base on Balls
Batting: LHB Bill Bruggeman 0-0: Bunt missed!
0-1: Bunt missed!
0-2: Foul Ball, location: 2F
0-2: Fielders Choice at 2nd, 1-6 (Groundball, P, EV 80.6 MPH)
Pinch Hitting: LHB Andy Woodyard 0-0: Ball
1-0: Foul Ball, location: 2F
1-1: Swinging Strike
1-2: Fly out, F6 (Popup, 4MD, EV 66.9 MPH)
Batting: LHB Jimmy Linn 0-0: Called Strike
0-1: DOUBLE (Line Drive, 78M, EV 96.9 MPH)
Bill Bruggeman to third
Runner from 3rd tries for Home, SAFE, throw by CF to home
Pinch Hitting: LHB Tyler Rappaport 0-0: Intentional Walk
Pinch Runner at 2nd Mike York:
Batting: RHB Matt White 0-0: Called Strike
0-1: Ball
1-1: Ball
2-1: Fly out, F7 (Flyball, 7S, EV 88.8 MPH)
Bottom of the 9th over - 1 run, 1 hit, 0 errors, 2 left on base; Burlington 6 - Boston (APP) 6
TOP OF THE 10TH
Burlington Royals batting - Pitching for Boston (APP) Red Sox : RHP Miguel Belmonte
Now at 1B: Jerry Thrasher
Now in LF: Tyler Rappaport
Now in CF: Randy Babin
Now in RF: Mike York
Batting: LHB Jason Smith 0-0: Called Strike
0-1: SINGLE (Flyball, 6D, EV 91.3 MPH)
Pinch Hitting: LHB Mike Fehr 0-0: Called Strike
0-1: Ball
1-1: Foul Ball, location: 2F
1-2: Ball
2-2: Fielders Choice at 2nd, 4-6 (Groundball, 4S, EV 84.4 MPH)
Batting: RHB Jason Sloan 0-0: Ball
Mike Fehr is caught stealing 2nd base 2-4
1-0: Ball
2-0: Ball
3-0: Base on Balls
Batting: LHB Jim Hollowell 0-0: Ball
Jason Sloan steals 2nd base
1-0: Ball
Passed Ball!
Jason Sloan to third
2-0: Foul Ball, location: 2F
2-1: Called Strike
2-2: Foul Ball, location: 2F
2-2: Strikes out swinging
Top of the 10th over - 0 runs, 1 hit, 0 errors, 1 left on base; Burlington 6 - Boston (APP) 6
BOTTOM OF THE 10TH
Boston (APP) Red Sox batting - Pitching for Burlington Royals : RHP Scott McGinness
Pitching: LHP Carlos Mestanza
Now at C: Scott Byrd
Batting: LHB Jose Corral 0-0: Called Strike
0-1: Ball
1-1: Swinging Strike
1-2: Strikes out looking
Batting: SHB Efrain Garcia 0-0: Ball
1-0: Called Strike
1-1: Ball
2-1: Called Strike
2-2: Strikes out swinging
Batting: RHB Miguel Espinoza 0-0: Called Strike
0-1: Called Strike
0-2: Ground out 4-3 (Groundball, 4, EV 85.0 MPH)
Bottom of the 10th over - 0 runs, 0 hits, 0 errors, 0 left on base; Burlington 6 - Boston (APP) 6
TOP OF THE 11TH
Burlington Royals batting - Pitching for Boston (APP) Red Sox : RHP Miguel Belmonte
Pitching: RHP Derek Thompson
Batting: LHB Chris Brown 0-0: Called Strike
0-1: SOLO HOME RUN (Flyball, 89XD, EV 88.8 MPH), Distance : 410 ft
Batting: RHB Paul Greto 0-0: Ball
1-0: Foul Ball, location: 2F
1-1: Swinging Strike
1-2: Strikes out swinging
Batting: RHB Devin Garrett 0-0: Ball
1-0: Fly out, F9 (Flyball, 9D, EV 91.9 MPH)
Batting: RHB Jake Burkhart 0-0: Swinging Strike
0-1: Ground out 4-3 (Groundball, 34, EV 103.8 MPH)
Top of the 11th over - 1 run, 1 hit, 0 errors, 0 left on base; Burlington 7 - Boston (APP) 6
BOTTOM OF THE 11TH
Boston (APP) Red Sox batting - Pitching for Burlington Royals : LHP Carlos Mestanza
Pinch Hitting: RHB Joel Jones 0-0: Fly out, F8 (Flyball, 89M, EV 80.6 MPH)
Batting: LHB Bill Bruggeman 0-0: Ball
1-0: Called Strike
1-1: Ball
2-1: Foul Ball, location: 2F
2-2: Foul Ball, location: 2F
2-2: Ball
3-2: Base on Balls
Batting: LHB Randy Babin 0-0: Swinging Strike
0-1: Fly out, F7 (Flyball, 7D, EV 93.1 MPH)
Batting: RHB Mike York 0-0: Swinging Strike
0-1: Foul Ball, location: 2F
0-2: Ball
Pickoff Throw to First - Out! 1-3
Bottom of the 11th over - 0 runs, 0 hits, 0 errors, 0 left on base; Burlington 7 - Boston (APP) 6
Sunday, July 16th , 2023 - OOTP Baseball 24.6 Build 69